 Dungeon Crawl Stone Soup version 0.26.1-2-gb8aa6d0cf2 (webtiles) character file.

Game seed: 8419629235826503925

56 jlumianski the Caller (level 3, -3/19 HPs)
             Began as a Tengu Summoner on Feb 11, 2021.
             Slain by a bullfrog (4 damage)
             ... on level 2 of the Dungeon.
             The game lasted 00:09:01 (2043 turns).

jlumianski the Caller (Tengu Summoner)              Turns: 2043, Time: 00:09:01

Health: -3/19      AC:  5    Str:  4 (8)  XL:     3   Next: 95%
Magic:  5/8        EV: 11    Int: 14 (16) God:
Gold:   47         SH:  0    Dex: 13 (14) Spells: 3/6 levels left

rFire    . . .     SeeInvis .   d - +4 short sword
rCold    . . .     Faith    .   (no shield)
rNeg     . . .     Spirit   .   b - +0 leather armour
rPois    .         Reflect  .   (helmet restricted)
rElec    .         Harm     .   k - +0 cloak
rCorr    .         Rampage  .   (no gloves)
Will     .....                  (boots unavailable)
Stlth    ++........             (no amulet)
HPRegen  0.06/turn              (no ring)
MPRegen  0.11/turn              (no ring)

@: no status effects
A: beak, talons 3, rugged brown scales 1, deterioration 1, high mp 1
a: no special abilities


You were on level 2 of the Dungeon.
You visited 1 branch of the dungeon, and saw 3 of its levels.

You collected 47 gold pieces.

Inventory:

Hand Weapons
 c - a +0 hand axe
 d - a +4 short sword (weapon)
 p - a +0 dagger of venom
Missiles
 e - 7 boomerangs (quivered)
 g - 26 stones
 s - 3 poisoned darts
Armour
 a - a +0 robe
 b - a +0 leather armour (worn)
 f - a +0 ring mail
 k - a +0 cloak (worn)
 r - a cursed +0 ring mail
Scrolls
 h - a scroll of identify
 i - 2 scrolls of remove curse {unknown}
 j - a scroll of enchant weapon {unknown}
 q - a scroll of teleportation {unknown}
Potions
 m - a potion of degeneration


   Skills:
 + Level 0.2 Fighting
 + Level 1.0 Armour
 + Level 2.5 Dodging
 + Level 2.4 Stealth
 + Level 2.4 Spellcasting
 + Level 5.5 Summonings


You had 3 spell levels left.
You knew the following spells:

 Your Spells              Type           Power        Failure   Level
a - Summon Small Mammal   Summ           68%          4%          1
b - Call Imp              Summ           17%          6%          2

Your spell library contained the following spells:

 Spells                   Type           Power        Failure   Level
 Call Canine Familiar     Summ           17%          12%         3
 Summon Guardian Golem    Hex/Summ       9%           36%         3
 Summon Ice Beast         Ice/Summ       9%           77%         4
 Summon Lightning Spire   Summ/Air       9%           77%         4


Dungeon Overview and Level Annotations

Branches:
Dungeon (3/15)

Altars:
Xom


Innate Abilities, Weirdness & Mutations

You have a beak for a mouth.
You have claws for feet.
You are partially covered in rugged brown scales. (AC +1, +3% HP)
Your body sometimes deteriorates upon taking damage.
You have an increased reservoir of magic. (+10% MP)


Message History

The goblin is severely wounded.
The goblin hits you.
Your crimson imp hits the goblin.
The goblin dies!
There is a stone staircase leading down here.
You climb downwards.
Your summoned ally is left behind.
The bullfrog hits you but does no damage.
The bullfrog hits you! The kobold hits you.
* * * LOW HITPOINT WARNING * * *
The bullfrog barely misses you.
Your magical contamination has completely faded away.
There is a stone staircase leading up here.
The bullfrog hits you.
* * * LOW HITPOINT WARNING * * *
Your body deteriorates!
You feel weakened. The kobold hits you but does no damage.
You climb upwards.
Your crimson imp disappears in a puff of smoke!
There is a stone staircase leading down here.
The bullfrog hits you.
You die...

#.........# #.......##
#.........# #.........
#.........# #.......##
#.........# #.......#
#.........# #####.###
#####....### #..# #......##
##.# #....#..# #.# #..@..#.##
#.# # #.F>.....# ####.###
##.#K##..# #.......
#.#.###.####.##...#
#.#.###...##..###..
#.#..##....##.# ##. #####
#.##.####...#.## #.
######...###.##.## #^.....###.
#.†..........##..####.###..##.


You could see a bullfrog and a kobold.

Vanquished Creatures
  2 adders (D:2)
  A dart slug (D:1)
  A leopard gecko (D:2)
  A ball python (D:1)
  A giant cockroach (D:2)
  4 goblins
  3 hobgoblins (D:1)
  3 jackals (D:1)
  2 kobolds
  A bat (D:1)
  A rat (D:1)
20 creatures vanquished.

Vanquished Creatures (collateral kills)
  A goblin (D:2)
  A hobgoblin (D:2)
  3 jackals (D:1)
  3 bats
  A kobold (D:2)
  3 rats (D:1)
12 creatures vanquished.

Grand Total: 32 creatures vanquished

Notes
Turn   | Place    | Note
-------+----------+-------------------------------------------
     0 | D:1      | jlumianski the Tengu Summoner began the quest for the Orb.
     0 | D:1      | Reached XP level 1. HP: 10/10 MP: 4/4
    82 | D:1      | Reached skill level 5 in Summonings
   215 | D:1      | Reached XP level 2. HP: 8/15 MP: 4/6
   218 | D:1      | Learned a level 2 spell: Call Imp
   608 | D:2      | Found a faded altar of an unknown god.
   879 | D:1      | Reached XP level 3. HP: 17/19 MP: 5/7
  1596 | D:2      | Found a shimmering altar of Xom.
  1597 | D:2      | Found a shimmering altar of Xom.
  1599 | D:2      | Found a shimmering altar of Xom.
  1640 | D:2      | Gained mutation: You have an increased reservoir of magic.
                  | (+10% MP) [potion of mutation]
  1640 | D:2      | Gained mutation: Your body sometimes deteriorates upon
                  | taking damage. [potion of mutation]
  1640 | D:2      | Gained mutation: You are partially covered in rugged brown
                  | scales. (AC +1, +3% HP) [potion of mutation]
  2005 | D:2      | Reached skill level 1 in Armour
  2028 | D:3      | Noticed a bullfrog
  2043 | D:2      | Slain by a bullfrog

Illustrated notes

Levels and vault maps discovered:
D:1:      wheals_arrival_shading, layout_basic, minmay_pentomino_w2
D:2:      layout_rooms, chequers_ecumenical_altar_simple_redux, xom_redecorated
D:3:      gammafunk_wand_slinger, layout_rooms, kennysheep_flooded_box

Skill      XL: |  1  2  3 |
---------------+----------+-----
Summonings     | 5 |  5.5
Armour         | 1 |  1.0
Fighting       | |  0.2
Dodging        | |  2.5
Stealth        | |  2.4
Spellcasting   | |  2.4

Action                   || total
-------------------------++-------
Melee: Unarmed           ||     5
       Hand axe          ||    40
       Kick              ||     9
       Peck              ||     8
       Dagger            ||    11
       Short sword       ||     3
Throw: Boomerang         ||     2
 Cast: Summon Small Mamm ||     3
       Call Imp          ||    12
  Use: Potion            ||     6
       Scroll            ||     2
 Stab: Sleeping          ||     5
Armor: Leather armour    ||    20
Dodge: Dodged            ||    42
